 Dungeon Crawl Stone Soup version 0.27-a0-1529-g1e82c303ef (webtiles) character file.

Game seed: 14942163331945231678

67 Morbidden the Stinger (level 3, -4/28 HPs)
             Began as a Demigod Venom Mage on July 12, 2021.
             Slain by Sigmund (10 damage)
             ... on level 2 of the Dungeon.
             The game lasted 00:03:13 (2035 turns).

Morbidden the Stinger (Demigod Venom Mage)          Turns: 2035, Time: 00:03:13

Health: -4/28      AC:  4    Str:  9    XL:     3   Next: 72%
Magic:  4/9        EV: 12    Int: 21    God:
Gold:   76         SH:  0    Dex: 14    Spells: 4/7 levels left

rFire    . . .     SeeInvis .   (no weapon)
rCold    . . .     Faith    .   (no shield)
rNeg     . . .     Spirit   .   a - +0 robe
rPois    .         Reflect  .   (no helmet)
rElec    .         Harm     .   i - +1 cloak
rCorr    .         Rampage  .   (no gloves)
Will     .....                  (no boots)
Stlth    +.........             (no amulet)
HPRegen  0.09/turn              (no ring)
MPRegen  0.11/turn              (no ring)

@: confused
A: high mp 1, forlorn
a: no special abilities


You were on level 2 of the Dungeon.
You visited 1 branch of the dungeon, and saw 2 of its levels.

You collected 76 gold pieces.

Inventory:

Missiles
 g - 8 atropa-tipped darts
 h - 4 javelins (quivered)
Armour
 a - a +0 robe (worn)
 i - a +1 cloak (worn)
Scrolls
 c - a scroll of identify {unknown}
 d - 2 scrolls of teleportation {unknown}
Potions
 b - 3 potions of heal wounds
 e - 2 potions of might {unknown}
 f - a potion of haste {unknown}


   Skills:
 * Level 1.1 Fighting
 * Level 2.2 Dodging
 + Level 1.7 Stealth
 * Level 0.1 Unarmed Combat
 * Level 2.7 Spellcasting
 * Level 1.3 Transmutations
 * Level 2.9 Poison Magic


You had 4 spell levels left.
You knew the following spells:

 Your Spells              Type           Power      Damage    Failure   Level
a - Sting                 Tmut/Pois      44%        1d5       5%          1
b - Poisonous Vapours     Pois/Air       18%        N/A       12%         2

Your spell library contained the following spells:

 Spells                   Type           Power      Damage    Failure   Level
 Summon Small Mammal      Summ           8%         N/A       14%         1
 Mephitic Cloud           Conj/Pois/Air  6%         N/A       28%         3
 Call Canine Familiar     Summ           2%         N/A       38%         3
 Portal Projectile        Hex/Tloc       4%         N/A       38%         3
 Summon Guardian Golem    Hex/Summ       2%         N/A       38%         3
 Olgreb's Toxic Radiance  Pois           15%        N/A       38%         4
 Blade Hands              Tmut           4%         N/A       91%         5
 Excruciating Wounds      Necr           1%         N/A       98%         5


Dungeon Overview and Level Annotations

Branches:
Dungeon (2/15)

Annotations:
D:2 Jessica, Sigmund


Innate Abilities, Weirdness & Mutations

Your attributes grow dramatically as you level up.
You have an increased reservoir of magic. (+10% MP)
You shall have no god before yourself.


Message History

Unknown command.
Unknown command.
Unknown command.
Unknown command.
Unknown command.
Unknown command.
Unknown command.
Unknown command.
Unknown command.
Unknown command.
Unknown command.
Unknown command.
Unknown command.
Jessica gestures at you while chanting. You resist with some effort.
Sigmund hits you from afar with a +0 scythe.
You feel less confused.
Jessica mumbles something strange.
Sigmund mumbles some strange words.
Sigmund flickers and vanishes!
Deactivating autopickup; reactivate with Ctrl-A.
Jessica casts a spell.
Jessica blinks!
A magic dart appears from out of thin air!
The magic dart hits you!
* * * LOW HITPOINT WARNING * * *
You hear some strange, mumbled words.
You are confused.
Unknown command.
It was a potion of heal wounds.
You feel much better.
Unknown command.
Unknown command.
Something hits you!
Jessica says, "I'm really upset."
Jessica zaps a wand.
The puff of flame hits you!
* * * LOW HITPOINT WARNING * * *
You bump into the rock wall.
Jessica grins evilly.
Something hits you!
You die...

#.## #... ############
#.......# # #.......####
#######..(....##..
#....##.......##..
#....##<......##..
####@...##.......##..
........@..'............
#######....##.......##..
.................######
...........>........#
.......#.........##.#
.......#.........##.#
.......#.........##.#
.......#.........##.###


You could see Jessica (fast).

Vanquished Creatures
  3 adders (D:2)
  2 worms (D:2)
  A dart slug (D:1)
  2 ball pythons (D:1)
  5 bats
  2 endoplasms (D:2)
  2 giant cockroaches (D:1)
  3 goblins
  5 hobgoblins
  A kobold (D:1)
  A quokka (D:1)
  3 frilled lizards (D:1)
30 creatures vanquished.

Vanquished Creatures (others)
  2 fungi (D:2)
  3 plants (D:2)
5 creatures vanquished.

Grand Total: 35 creatures vanquished

Notes
Turn   | Place    | Note
-------+----------+-------------------------------------------
     0 | D:1      | Morbidden the Demigod Venom Mage began the quest for the
                  | Orb.
     0 | D:1      | Reached XP level 1. HP: 14/14 MP: 5/5
    25 | D:1      | Reached skill level 1 in Transmutations
   356 | D:1      | Reached XP level 2. HP: 16/20 MP: 1/7
  1077 | D:2      | Reached skill level 1 in Fighting
  1177 | D:2      | Reached XP level 3. HP: 24/28 MP: 3/9
  1455 | D:2      | Learned a level 2 spell: Poisonous Vapours
  2016 | D:2      | Noticed Jessica
  2018 | D:2      | Noticed Sigmund
  2035 | D:2      | Slain by Sigmund

Illustrated notes

Levels and vault maps discovered:
D:1:      psy_arrival_fountain, layout_basic
D:2:      layout_basic, shapermc_ecumenical_altar_mp_ritualfount, minivault_19,
          uniq_sigmund, uniq_jessica

Skill      XL: |  1  2  3 |
---------------+----------+-----
Transmutations | 1 |  1.3
Spellcasting   | 2 |  2.7
Fighting       | 1 |  1.1
Dodging        | 2 |  2.2
Stealth        | |  1.7
Unarmed Combat | |  0.1
Poison Magic   | |  2.9

Action                   || total
-------------------------++-------
Melee: Unarmed           ||     4
 Cast: Sting             ||    77
       Poisonous Vapours ||    10
  Use: Potion            ||     1
Armor: Robe              ||     5
Dodge: Dodged            ||    29

Table legend: (Time is in decaauts)
 A = Elapsed time spent in this place.
 B = Non-inter-level travel time spent in this place.
 C = Inter-level travel time spent in this place.
 D = Time resting spent in this place.
 E = Time spent auto-exploring this place.
 F = Levels seen in this place.
 G = Mean time per level.
                   A        B        C        D        E       F      G
               +--------+--------+--------+--------+--------+-----+--------+
         Total |   2035 |   1971 |     64 |      0 |   1728 |   2 | 1017.5 |
       Dungeon |   2035 |   1971 |     64 |      0 |   1728 |   2 | 1017.5 |
               +--------+--------+--------+--------+--------+-----+--------+

Top non-repeatable levels by time:
     D:1: 1067 daAuts
     D:2: 968 daAuts
